 Dungeon Crawl Stone Soup version 0.28.0 (webtiles) character file.

Game seed: 6376568776276749759

135734 growler the Devastator (level 17, -3/113 HPs)
             Began as a Tengu Air Elementalist on Feb 5, 2022.
             Was a High Priest of Vehumet.
             Blown up by an orb spider (48 damage)
             ... with an orb of destruction
             ... summoned by a broodmother
             ... on level 2 of the Spider Nest on Feb 6, 2022.
             The game lasted 01:54:39 (47448 turns).

growler the Devastator (Tengu Air Elementalist)    Turns: 47448, Time: 01:54:40

Health: -3/113     AC: 29    Str: 13    XL:     17   Next: 20%
Magic:  31/42      EV: 17    Int: 26    God:    Vehumet [*****.]
Gold:   2901       SH:  6    Dex: 16    Spells: 11/36 levels left

rFire   + + .      SeeInvis +   B - staff of air
rCold   x . .      Faith    .   J - +1 buckler {AC+3}
rNeg    . . .      Spirit   .   U - +4 fire dragon scales
rPois   .          Reflect  .   v - +3 hat of Pondering {ponderous, Will+ MP+10 Int+5}
rElec   +          Harm     .   G - +0 cloak
rCorr   .          Rampage  .   X - +1 pair of gloves {Str+3}
Will    ++...                   (boots unavailable)
Stlth   ..........              e - amulet of magic regeneration
HPRegen 0.28/turn               y - +4 ring of protection
MPRegen 0.68/turn               z - ring of see invisible

@: flying quickly and evasively
A: beak, talons 3, nimble flight
a: Renounce Religion


You were on level 2 of the Spider Nest.
You worshipped Vehumet.
Vehumet was extremely pleased with you.
You visited 4 branches of the dungeon, and saw 26 of its levels.

You collected 2901 gold pieces.

Inventory:

Hand Weapons
 P - the +8 whip "Snakebite" {venom, curare, rPois, !f}
   (You found it on level 1 of the Lair of Beasts)

   It poisons the flesh of those it strikes.
   It occasionally inflicts asphyxiating poison on those it strikes, dealing
   poison damage and causing slowness.
   rPois:     It protects you from poison.
Missiles
 w - 2 throwing nets {!f}
Armour
 v - the +3 hat of Pondering (worn) {ponderous, Will+ MP+10 Int+5}
   (You took it off Gastronok on level 9 of the Dungeon)

   Int:       It affects your intelligence (+5).
   MP:        It affects your magic capacity (+10).
   Will:      It increases your willpower.
 E - a +0 kite shield
   (You took it off Asterion on level 2 of the Spider Nest)
 G - a +0 cloak (worn)
   (You found it on level 8 of the Dungeon)
 J - a +1 buckler of protection (worn)
   (You took it off a tengu warrior on level 13 of the Dungeon)
 U - +4 fire dragon scales (worn)
   (You found it on level 4 of the Lair of Beasts)
 X - a +1 pair of gloves of strength (worn)
   (You acquired it on level 9 of the Dungeon)
Magical Staves
 B - a staff of air (weapon)
   (You found it on level 6 of the Dungeon)
Jewellery
 e - an amulet of magic regeneration (around neck)
   (You found it on level 6 of the Lair of Beasts)
 i - a ring of protection from fire
   (You found it on level 6 of the Lair of Beasts)
 k - a ring of resist corrosion
   (You found it on level 3 of the Dungeon)
 p - a ring of willpower
   (You found it on level 2 of the Dungeon)
 y - a +4 ring of protection (left hand)
   (You found it on level 6 of the Dungeon)
 z - a ring of see invisible (right hand)
   (You found it on level 4 of the Dungeon)
Wands
 d - a wand of iceblast (12)
   (You found it on level 3 of the Lair of Beasts)
 m - a wand of mindburst (15)
   (You found it on level 4 of the Dungeon)
 n - a wand of charming (8)
   (You took it off Maurice on level 8 of the Dungeon)
 t - a wand of flame (33)
   (You took it off a kobold brigand on level 8 of the Dungeon)
 u - a wand of paralysis (6)
   (You found it on level 4 of the Lair of Beasts)
 x - a wand of acid (7)
   (You found it on level 12 of the Dungeon)
 O - a wand of polymorph (15)
   (You found it on level 1 of the Lair of Beasts)
Scrolls
 b - 5 scrolls of amnesia
 c - 24 scrolls of teleportation {@r4}
 f - a scroll of fear
 h - 3 scrolls of fog
 l - a scroll of immolation {unknown}
 q - 2 scrolls of summoning
 r - a scroll of vulnerability {!r}
 D - 4 scrolls of enchant weapon
 M - 3 scrolls of identify {@r1}
 N - a scroll of holy word
 S - 3 scrolls of magic mapping
 Z - 2 scrolls of silence
Potions
 a - a potion of attraction {!q}
 g - 2 potions of brilliance
 j - 2 potions of mutation {!q}
 o - 3 potions of lignification {!q}
 s - 3 potions of invisibility
 A - 4 potions of haste {@q3}
 C - 8 potions of ambrosia
 F - 6 potions of heal wounds {@q2}
 H - 2 potions of berserk rage
 I - a potion of cancellation
 T - 2 potions of magic
 V - 9 potions of curing {@q1}
 W - 3 potions of might
Miscellaneous
 R - a phantom mirror
   (You found it on level 3 of the Lair of Beasts)


   Skills:
 + Level 15.5 Fighting
 - Level 10.0 Armour
 - Level 14.0 Dodging
 - Level 2.0 Stealth
 - Level 5.0 Shields
 - Level 10.0 Spellcasting
 + Level 17.3 Conjurations
 - Level 6.0 Ice Magic
 - Level 15.0 Air Magic


You had 11 spell levels left.
You knew the following spells:

 Your Spells              Type           Power      Damage    Failure   Level
a - Shock                 Conj/Air       100%       1d9       1%          1
b - Airstrike             Air            47%        N/A       1%          4
c - Freezing Cloud        Conj/Ice/Air   43%        6-21      1%          5
d - Static Discharge      Conj/Air       98%        N/A       1%          2
f - Mephitic Cloud        Conj/Pois/Air  80%        N/A       1%          3
s - Swiftness             Air            94%        N/A       1%          3
z - Orb of Destruction    Conj           40%        9d11      5%          7

Your spell library contained the following spells:

 Spells                   Type           Power      Damage    Failure   Level
 Fireball                 Conj/Fire      27%        3d12      6%          5
 Corpse Rot               Necr/Air       100%       N/A       1%          2
 Poisonous Vapours        Pois/Air       100%       N/A       1%          2
 Dazzling Flash           Conj/Hex       100%       N/A       1%          3
 Stone Arrow              Conj/Erth      100%       3d13      1%          3
 Iskenderun's Battlesphe  Conj           80%        2d13      1%          5
 Fulminant Prism          Conj/Hex       27%        3d14      2%          4
 Iskenderun's Mystic Bla  Conj/Tloc      55%        2d12      2%          4
 Ozocubu's Armour         Ice            44%        N/A       7%          3
 Ensorcelled Hibernation  Hex/Ice        56%        N/A       12%         2
 Inner Flame              Hex/Fire       13%        N/A       21%         3
 Animate Skeleton         Necr           26%        N/A       26%         1
 Apportation              Tloc           26%        N/A       26%         1
 Pain                     Necr           52%        1d6       26%         1
 Sting                    Tmut/Pois      52%        1d5       26%         1
 Summon Small Mammal      Summ           52%        N/A       26%         1
 Iron Shot                Conj/Erth      27%        9d6       28%         6
 Silence                  Hex/Air        33%        N/A       34%         5
 Passwall                 Tmut/Erth      10%        N/A       38%         2
 Olgreb's Toxic Radiance  Pois           13%        N/A       54%         4
 Call Canine Familiar     Summ           13%        N/A       63%         3
 Summon Guardian Golem    Hex/Summ       13%        N/A       63%         3
 Tukima's Dance           Hex            13%        N/A       63%         3
 Vampiric Draining        Necr           13%        2d6       63%         3
 Spellforged Servitor     Conj/Summ      27%        N/A       82%         7
 Lee's Rapid Deconstruct  Erth           6%         3d7*      85%         5
 Anguish                  Hex/Necr       6%         N/A       95%         4
 Animate Armour           Summ/Erth      26%        N/A       95%         4
 Cause Fear               Hex            6%         N/A       95%         4
 Ozocubu's Refrigeration  Ice            22%        4d9       98%         7
 Agony                    Necr           13%        N/A       100%        5
 Dispersal                Tloc           6%         N/A       100%        6
 Enfeeble                 Hex            6%         N/A       100%        7
 Borgnjor's Revivificati  Necr           6%         N/A       100%        8
 Discord                  Hex            6%         N/A       100%        8
 Disjunction              Tloc           6%         N/A       100%        8
 Lehudib's Crystal Spear  Conj/Erth      27%        10d7      100%        8
 Necromutation            Tmut/Necr      6%         N/A       100%        8
 Death's Door             Necr           6%         N/A       100%        9


Dungeon Overview and Level Annotations

Branches:
Dungeon (15/15)            Temple (0/1) D:5            Lair (6/6) D:9
 Shoals (0/4) Lair:4       Spider (3/4) Lair:2        Slime (0/5) Lair:5
    Orc (2/2) D:9             Elf (0/3) Orc:2        Vaults (0/5) D:14
 Depths (0/4) D:15

Altars:
Dithmenos
Elyvilon
Hepliaklqana
Kikubaaqudgha
Makhleb
Sif Muna
Vehumet
Jiyva

Shops:
D:5 [   D:6 [   D:9 =   D:11 *   Orc:2 ?[![

Portals:
Hell: Lair:6

Annotations:
D:9 4 runed translucent doors
D:14 3 runed translucent doors, Uqorphet's ghost, journeyman DECj
Lair:3 2 transporters, crazypyro's ghost, journeyman MiFi
Lair:4 2 transporters


Innate Abilities, Weirdness & Mutations

You have a beak for a mouth.
You have claws for feet.
Your magical nature lets you fly swiftly and evasively.


Message History

The broodmother is engulfed in freezing vapours.
You fly upwards.
There is a stone staircase leading down here.
You start resting.
You start resting.
You fly downwards.
The broodmother completely misses you.
The orb spider weaves a glowing orb of energy.
The broodmother summons spiders!
An orb of destruction comes into view.
There is a stone staircase leading up here.
The broodmother misses you. The redback misses you. The tarantella touches you!
You fly upwards.
The tarantella disappears in a puff of smoke!
The jumping spider disappears in a puff of smoke!
The redback disappears in a puff of smoke!
There is a stone staircase leading down here.
You feel a surge of power! The broodmother barely misses you.
The broodmother bites you but does no damage.
The broodmother summons spiders!
The orb spider is engulfed in freezing vapours.
The orb spider is engulfed in freezing vapours.
The jumping spider leaps!
The broodmother barely misses you.
The orb spider is engulfed in freezing vapours.
The jumping spider leaps!
The orb spider spins a strand of pure energy.
The broodmother bites you!!
A spider bursts forth from the wound!
You feel a surge of power! That beam is likely to hit you.
Continue anyway?
You are engulfed in freezing vapours.
The jumping spider leaps!
The orb spider is healed somewhat.
The broodmother is engulfed in freezing vapours.
The broodmother summons a spider!
The orb spider weaves a glowing orb of energy.
The culicivora completely misses you.
The broodmother is engulfed in freezing vapours.
The culicivora is engulfed in freezing vapours.
The culicivora bites you.
The culicivora draws strength from your injuries!
An orb of destruction comes into view.
Aim: a broodmother (freezing vapour, lightly wounded)
The wavering orb of destruction weakly hits the broodmother!!
The culicivora is engulfed in freezing vapours.
The broodmother is healed somewhat.
The broodmother is engulfed in freezing vapours.
The broodmother bites you!
* * * LOW HITPOINT WARNING * * *
The broodmother is healed somewhat.
The culicivora is engulfed in freezing vapours.
The orb of destruction hits you!!!
You die...

##### ##...# #..^.###
######..#...#
##.##.....#§§#
#......#.#§§§##
##.[....sss§#.##
##....#.#@#....>#
##.[#..##.○○§§#.##
#.....#....^...##
##[.^#.....##s.##
###^..#^>..#..#..#
####..^#....^.^.#^.##
##^...#...^.##)..#.#
....!...^#.###.#..##
.#......##^###...^#


You could see a broodmother, an orb spider (summoned) and 2 culicivoras.

Vanquished Creatures
  Asterion (Spider:2)
  Gastronok (D:9)
  2 ghost moths
  3 emperor scorpions
  A broodmother (Lair:2)
  Azrael (D:12)
  An entropy weaver (Spider:1)
  Snorg (Lair:3)
  16 hydras
  2 fire dragons (D:15)
  A hell beast (Lair:6)
  4 boulder beetles
  8 vault guards (D:14)
  A jorogumo (Spider:2)
  Erolcha (D:10)
  A rakshasa (D:14)
  5 centaur warriors
  4 two-headed ogres
  3 tengu warriors
  4 death yaks
  Sonja (Lair:5)
  An orc high priest (Orc:1)
  5 pharaoh ants
  3 orb spiders
  2 steelbarb worms (Spider:2)
  2 wizards
  A steelbarb worm (shapeshifter) (D:14)
  7 orc knights
  12 wolf spiders
  A harpy (shapeshifter) (D:15)
  10 ugly things
  4 cyclopes
  5 manticores
  Maurice (D:8)
  7 black mambas
  14 elephants
  4 merfolk sirens (Lair:4)
  11 cane toads
  2 gargoyles
  A torpor snail (Spider:1)
  6 komodo dragons
  An unseen horror (D:13)
  A hellwing (Lair:6)
  3 demonic crawlers
  3 efreet
  3 tengu conjurers
  10 rime drakes
  3 freezing wraiths
  A queen bee (Lair:3)
  3 ice devils (Lair:6)
  11 trolls
  3 red devils (Lair:6)
  8 tarantellas
  A wind drake (shapeshifter) (D:15)
  A polar bear (Lair:6)
  21 meliai
  2 blink frogs (Lair:6)
  10 slime creatures
  4 dream sheep (Lair:4)
  24 jumping spiders
  A shadow (D:11)
  13 culicivoras
  A vampire (D:10)
  45 yaks
  8 wyverns
  6 water elementals
  6 basilisks
  6 fire elementals (D:12)
  2 steam dragons
  9 vampire mosquitoes
  18 redbacks
  4 wargs
  2 acid dragons (D:12)
  37 water moccasins
  6 hell hounds
  A swamp drake (Lair:3)
  A hornet zombie (D:7)
  An ice beast (D:7)
  2 sky beasts
  3 black bears
  40 orc warriors
  7 ogres
  27 wolves
  17 centaurs
  3 kobold brigands
  11 bullfrogs
  A gnoll sergeant (D:6)
  3 scorpions
  A water moccasin skeleton (D:4)
  29 killer bees
  7 howler monkeys
  12 electric eels
  5 centaur zombies
  A bullfrog zombie (D:7)
  4 hounds
  13 orc priests
  A gnoll shaman (D:9)
  Natasha (thrice) (D:2)
  14 orc wizards
  11 hell rats
  5 hound skeletons
  Robin (D:2)
  8 gnolls
  21 adders
  4 shadow imps
  2 white imps
  An adder skeleton (D:4)
  A worm (D:2)
  4 dart slugs
  52 orcs
  4 ball pythons
  A bat (D:3)
  5 endoplasms
  5 giant cockroaches
  12 goblins
  8 hobgoblins
  5 quokkas
  3 frilled lizards
  9 kobolds
  7 rats
814 creatures vanquished.

Vanquished Creatures (others)
  A howler monkey (D:12)
  38 fungi
  70 plants
  A withered plant (D:7)
110 creatures vanquished.

Grand Total: 924 creatures vanquished

Notes
Turn   | Place    | Note
-------+----------+-------------------------------------------
     0 | D:1      | growler the Tengu Air Elementalist began the quest for the
                  | Orb.
     0 | D:1      | Reached XP level 1. HP: 10/10 MP: 4/4
   268 | D:1      | Reached XP level 2. HP: 15/15 MP: 4/6
   291 | D:1      | Learned a level 2 spell: Static Discharge
   297 | D:1      | Reached skill level 2 in Conjurations
  1011 | D:2      | Reached XP level 3. HP: 19/19 MP: 3/7
  1683 | D:2      | Noticed Robin
  1936 | D:2      | Killed Robin
  1937 | D:2      | Reached skill level 3 in Conjurations
  1937 | D:2      | Reached XP level 4. HP: 8/24 MP: 0/9
  2258 | D:2      | Noticed Natasha
  2265 | D:2      | Killed Natasha
  2266 | D:2      | Reached skill level 5 in Air Magic
  3357 | D:2      | Noticed Natasha
  3364 | D:2      | Killed Natasha
  3365 | D:2      | Gained mutation: Your magical nature lets you fly swiftly
                  | and evasively. [Tengu growth]
  3365 | D:2      | Reached XP level 5. HP: 25/28 MP: 0/10
  3369 | D:2      | Learned a level 3 spell: Swiftness
  3374 | D:2      | Learned a level 4 spell: Airstrike
  3517 | D:2      | Noticed Natasha
  3522 | D:2      | Killed Natasha
  4850 | D:3      | Reached skill level 4 in Conjurations
  5201 | D:3      | Found a shimmering blue altar of Sif Muna.
  5201 | D:3      | Found a radiant altar of Vehumet.
  5208 | D:3      | Became a worshipper of Vehumet
  5456 | D:4      | Identified the +9 plate armour of Jaisif {-Tele rF+ Str+6
                  | Stlth+}
  5981 | D:4      | Reached XP level 6. HP: 25/32 MP: 3/12
  6255 | D:4      | Reached skill level 5 in Conjurations
  7020 | D:5      | Entered Level 5 of the Dungeon
  7117 | D:5      | Reached XP level 7. HP: 21/36 MP: 9/14
  7377 | D:5      | Reached skill level 6 in Conjurations
  7527 | D:5      | Found a staircase to the Ecumenical Temple.
  7773 | D:5      | Reached XP level 8. HP: 30/41 MP: 6/16
  7903 | D:5      | Reached skill level 5 in Spellcasting
  8041 | D:5      | Found Isoushru's Armour Boutique.
  8131 | D:5      | Found a shadowy altar of Dithmenos.
  8438 | D:5      | Reached skill level 7 in Conjurations
  8877 | D:6      | Reached * piety under Vehumet
  8877 | D:6      | Offered knowledge of Freeze by Vehumet.
  9132 | D:6      | Reached skill level 8 in Conjurations
  9468 | D:6      | Found Vehe's Antique Armour Boutique.
 10152 | D:6      | Reached skill level 9 in Conjurations
 10152 | D:6      | Reached skill level 10 in Air Magic
 10318 | D:6      | Reached XP level 9. HP: 45/45 MP: 5/17
 11019 | D:7      | Reached skill level 1 in Fighting
 11019 | D:7      | Reached skill level 1 in Shields
 11125 | D:7      | Found a white marble altar of Elyvilon.
 11175 | D:7      | Found an ancient bone altar of Kikubaaqudgha.
 11635 | D:7      | Found a hazy altar of Hepliaklqana.
 11879 | D:7      | Noticed a boulder beetle
 11892 | D:7      | Killed a boulder beetle
 12538 | D:8      | Found a burning altar of Makhleb.
 12961 | D:8      | Reached XP level 10. HP: 56/56 MP: 5/18
 13056 | D:8      | Noticed Maurice
 13060 | D:8      | Killed Maurice
 13061 | D:8      | Reached skill level 5 in Dodging
 13369 | D:8      | Reached ** piety under Vehumet
 13378 | D:8      | Offered knowledge of Searing Ray by Vehumet.
 13639 | D:9      | Identified a scroll of acquirement
 13639 | D:9      | Acquired a +1 pair of gloves of strength
 13708 | D:9      | Found a staircase to the Lair.
 14078 | D:9      | Found Rouvog's Jewellery Boutique.
 14407 | D:9      | Found a staircase to the Orcish Mines.
 14438 | D:9      | Reached skill level 5 in Shields
 14451 | D:9      | Reached skill level 5 in Fighting
 14802 | D:9      | Noticed a tengu warrior
 14901 | D:9      | Found a large runed translucent door.
 14903 | D:9      | Found a large runed translucent door.
 14904 | D:9      | Found a large runed translucent door.
 14904 | D:9      | Found a large runed translucent door.
 15257 | D:9      | Identified the +8 mace of Vojissec {antimagic, Dex+3}
 15265 | D:9      | Identified the +5 scythe "Xuozim" {vorpal, rC+ Will+ Dex-4}
 15324 | D:9      | Offered knowledge of Ignite Poison by Vehumet.
 15847 | D:10     | Entered Level 10 of the Dungeon
 16118 | D:10     | Reached XP level 11. HP: 51/64 MP: 15/19
 16553 | D:10     | Noticed Erolcha
 16558 | D:10     | Killed Erolcha
 17193 | D:11     | Noticed a two-headed ogre
 17197 | D:11     | Killed a two-headed ogre
 17425 | D:11     | Reached *** piety under Vehumet
 17630 | D:11     | Noticed a two-headed ogre
 17667 | D:11     | Killed a two-headed ogre
 17944 | D:11     | Noticed a six-headed hydra
 17949 | D:11     | Killed a six-headed hydra
 18060 | D:11     | Noticed an eight-headed hydra
 18068 | D:11     | Killed an eight-headed hydra
 18264 | D:11     | Found Beujex's CLEARANCE SALE!.
 18631 | D:11     | Noticed a purple ugly thing
 18676 | D:11     | Killed a purple ugly thing
 18871 | D:11     | Noticed a centaur warrior
 19396 | D:11     | Reached XP level 12. HP: 75/75 MP: 6/20
 19438 | D:11     | Noticed a centaur warrior
 19973 | D:11     | Killed a centaur warrior
 19974 | D:11     | Reached skill level 10 in Dodging
 19974 | D:11     | Reached skill level 15 in Air Magic
 20260 | D:11     | Offered knowledge of Mephitic Cloud by Vehumet.
 20265 | D:11     | Learned a level 3 spell: Mephitic Cloud
 20356 | D:11     | Identified the +2 scale mail "Juluut" {rPois rF+ Slay-2}
 20659 | Lair:1   | Entered Level 1 of the Lair of Beasts
 21043 | Lair:1   | Noticed a five-headed hydra
 21047 | Lair:1   | Killed a five-headed hydra
 21163 | Lair:1   | Reached **** piety under Vehumet
 21752 | Lair:1   | Noticed a four-headed hydra
 21757 | Lair:1   | Killed a four-headed hydra
 21758 | Lair:1   | Reached skill level 10 in Fighting
 21783 | Lair:1   | Offered knowledge of Lightning Bolt by Vehumet.
 22102 | Lair:1   | Noticed an eight-headed hydra
 22153 | Lair:1   | Killed an eight-headed hydra
 22154 | Lair:1   | Reached XP level 13. HP: 83/83 MP: 13/24
 22411 | Lair:1   | Found the +8 whip "Snakebite" {venom, curare, rPois}
 22710 | Lair:2   | Found a hole to the Spider Nest.
 23843 | Lair:3   | Found a transporter.
 23852 | Lair:3   | Found a transporter.
 23853 | Lair:3   | Noticed crazypyro's ghost (journeyman MiFi)
 24065 | Lair:3   | Noticed Snorg
 24075 | Lair:2   | Reached skill level 10 in Conjurations
 24152 | Lair:3   | Killed Snorg
 25031 | Lair:3   | Reached ***** piety under Vehumet
 25031 | Lair:3   | Offered knowledge of Freezing Cloud by Vehumet.
 25059 | Lair:3   | Learned a level 5 spell: Freezing Cloud
 25691 | Lair:4   | Found a transporter.
 25692 | Lair:4   | Found a transporter.
 25988 | Lair:4   | Reached skill level 11 in Conjurations
 26284 | Lair:4   | Reached XP level 14. HP: 76/92 MP: 11/25
 26375 | Lair:4   | Found a staircase to the Shoals.
 26854 | Lair:5   | Reached skill level 1 in Armour
 27142 | Lair:5   | Found a staircase to the Slime Pits.
 27142 | Lair:5   | Found a viscous altar of Jiyva.
 27224 | Lair:5   | Reached skill level 12 in Conjurations
 27653 | Lair:5   | Noticed Sonja
 27661 | Lair:5   | Killed Sonja
 28447 | Lair:5   | Identified the +2 rapier "Earthworm" {antimagic, rN+ Int-4
                  | Dex+6}
 28857 | Lair:6   | Entered Level 6 of the Lair of Beasts
 29004 | Lair:6   | Identified the +5 mace of the Big Fish {flame, Contam rC++
                  | Int+2}
 30355 | Lair:6   | Reached skill level 13 in Conjurations
 30758 | Lair:6   | Reached skill level 5 in Armour
 31621 | Lair:6   | Found a burning altar of Makhleb.
 31797 | Lair:6   | Reached XP level 15. HP: 86/99 MP: 3/26
 31929 | Lair:6   | Found a gateway to Hell.
 31936 | Lair:6   | Identified the +0 ring mail of the Known World {Str+2
                  | Dex+3}
 32191 | Orc:1    | Entered Level 1 of the Orcish Mines
 32191 | Orc:1    | Noticed Gastronok
 32195 | Orc:1    | Reached skill level 14 in Conjurations
 32225 | D:9      | Killed Gastronok
 32282 | Orc:1    | Offered knowledge of Orb of Destruction by Vehumet.
 32323 | Orc:1    | Learned a level 7 spell: Orb of Destruction
 32560 | Orc:1    | Reached skill level 1 in Ice Magic
 32930 | Orc:2    | Entered Level 2 of the Orcish Mines
 33006 | Orc:2    | Offered knowledge of Conjure Ball Lightning by Vehumet.
 33009 | Orc:2    | Found a staircase to the Elven Halls.
 34275 | Orc:2    | Found Buh Gugerch's Distillery.
 34275 | Orc:2    | Found Lyekopno's Armour Shop.
 34275 | Orc:2    | Found Korid's Magic Scroll Boutique.
 34278 | Orc:2    | Found Guruck's Antique Armour Emporium.
 34636 | D:12     | Noticed Azrael
 35666 | D:12     | Killed Azrael
 35972 | D:13     | Reached skill level 15 in Conjurations
 36424 | D:13     | Offered knowledge of Ozocubu's Refrigeration by Vehumet.
 37461 | D:14     | Found a gate to the Vaults.
 37476 | D:14     | Reached skill level 5 in Ice Magic
 37476 | D:14     | Reached XP level 16. HP: 65/106 MP: 29/29
 38249 | D:14     | Found a runed translucent gate.
 38249 | D:14     | Found a runed translucent gate.
 38250 | D:14     | Found a runed translucent gate.
 38250 | D:14     | Noticed Uqorphet's ghost (journeyman DECj)
 38250 | D:14     | Noticed an azure jelly
 38304 | D:14     | Reached skill level 10 in Armour
 39368 | D:14     | Found a viscous altar of Jiyva.
 39398 | D:15     | Entered Level 15 of the Dungeon
 40693 | D:15     | Found a staircase to the Depths.
 41198 | Spider:1 | Entered Level 1 of the Spider Nest
 41835 | Lair:3   | HP: 3/107 [broodmother (20)]
 42502 | Spider:1 | Offered knowledge of Fireball by Vehumet.
 43044 | Spider:1 | Reached skill level 16 in Conjurations
 45547 | Spider:2 | Reached skill level 15 in Fighting
 45632 | Spider:2 | Noticed Asterion
 45645 | Spider:2 | Killed Asterion
 46182 | Spider:2 | Reached XP level 17. HP: 89/113 MP: 1/31
 46424 | Spider:2 | Reached skill level 10 in Spellcasting
 46801 | Spider:2 | Reached skill level 17 in Conjurations
 47448 | Spider:2 | Blown up by an orb spider

Illustrated notes

Levels and vault maps discovered:
D:1:      giann_horns, layout_rooms
D:2:      layout_loops_corners, minmay_pentomino_u2, uniq_natasha, uniq_robin
D:3:      layout_loops_corners, amethyst_overflow_temple_binary
D:4:      cheibrodos_helix_gallery, layout_basic, st_stairs_2,
          roderic_lattice_a, minmay_misc_feat_ornament,
          minmay_fractal_squares_diagonal_5
D:5:      layout_loops_corners, grunt_dithmenos_shadows,
          minmay_temple_entry_mini_moons, serial_shops, shop
D:6:      layout_basic, serial_bayou, serial_bayou_shore_b,
          serial_bayou_crossing, serial_bayou_shore_b, serial_bayou_pond_c,
          serial_bayou_shore_b, serial_bayou_pond_d, serial_shops,
          nicolae_shop_crystal
D:7:      layout_cave_pods, elyvilon_altar_1, kiku_gazebo_garden_becter,
          overflow_temple_1_default, roderic_filled_cross
D:8:      layout_basic, mainiacjoe_overflow_cross_hatched, uniq_maurice
D:9:      layout_layer_cave, lair_entry_dummy, david_orc_1_choice, serial_shops,
          nicolae_shop_crystal, chequers_serial_rivers_large_b,
          minmay_hollow_rounded_squares
D:10:     layout_roguey, minivault_5, uniq_erolcha
D:11:     kennysheep_windowed_halls, layout_basic, kennysheep_doodads,
          nicolae_shop_clearance
D:12:     layout_roguey, drop_trap, uniq_azrael
D:13:     layout_basic, chequers_big_river, st_stairs_10
D:14:     layout_small_grid, erik_vaults_2, gammafunk_ghost_ooze,
          amcnicky_mini_pool_small, portal_ice_cave_entry_frozen_things
D:15:     grunt_enter_depths_hoard, layout_basic, minmay_misc_feat_pillars
Lair:1:   minmay_guarded_unrand_snakebite, layout_chaotic_city,
          serial_bayou_pond_e
Lair:2:   layout_gridlike, nicolae_spider_entry_orb_guardian
Lair:3:   lemuel_reptile_caves, layout_misc_corridors, gammafunk_ghost_hive,
          special_room [special_room_bee], grunt_megastairs_3, uniq_snorg
Lair:4:   gammafunk_boulding_lane, layout_small_grid, elwin_shoals_entry_stream,
          nicolae_quartered_pool_impasse, minmay_lair_drake_nest
Lair:5:   layout_cellular_growth, slime_altar_1, grunt_megastairs_1, uniq_sonja
Lair:6:   evil_forest, layout_small_grid
Spider:1: layout_chambers
Spider:2: layout_spider_delve, drop_trap, nicolae_spider_cling_halls,
          uniq_asterion
Spider:3: layout_spider_delve
Orc:1:    layout_caves, uniq_gastronok
Orc:2:    st_orc_rangers, layout_diamond_mine, statue_in_the_mist_lemuel

Skill      XL: |  1  2  3  4  5  6  7  8  9 10 11 12 13 14 15 16 17 |
---------------+----------------------------------------------------+-----
Conjurations   | 2 3 4 5 6 9 11 13 15 16 17 | 17.3
Air Magic      | 5 6 7 10 11 12 14 15 | 15.0
Spellcasting   | 3 4 5 6 7 8 9 10 | 10.0
Fighting       | 3 6 8 10 12 13 14 15 | 15.5
Shields        | 3 5 |  5.0
Dodging        | 4 7 9 11 13 14 | 14.0
Armour         | 6 9 10 | 10.0
Ice Magic      | 5 6 |  6.0
Stealth        | |  2.0

Action                   |  1- 3 |  4- 6 |  7- 9 | 10-12 | 13-15 | 16-18 || total
-------------------------+-------+-------+-------+-------+-------+-------++-------
Melee: Unarmed           |     1 |     3 |     3 |       |       |       ||     7
       Peck              |     1 |     1 |     1 |    10 |    34 |     4 ||    51
       Kick              |       |     2 |       |    14 |    44 |     7 ||    67
       Staff             |       |       |     2 |    32 |    96 |    18 ||   148
 Cast: Shock             |    75 |    45 |    32 |       |       |       ||   152
       Static Discharge  |     5 |    43 |    32 |   140 |   304 |   143 ||   667
       Airstrike         |       |       |    69 |   156 |   417 |   269 ||   911
       Freezing Cloud    |       |       |       |       |    25 |    27 ||    52
       Orb of Destructio |       |       |       |       |       |     5 ||     5
Evoke: Wand              |       |     2 |     1 |     1 |       |       ||     4
  Use: Potion            |       |     1 |     3 |       |       |     2 ||     6
       Scroll            |       |     1 |     7 |     8 |    12 |     8 ||    36
 Stab: Sleeping          |       |     1 |       |       |     2 |       ||     3
Armor: Robe              |     2 |     4 |     4 |       |       |       ||    10
       Steam dragon scal |       |       |     7 |    31 |    51 |       ||    89
       Fire dragon scale |       |       |       |       |   116 |   221 ||   337
Dodge: Dodged            |    12 |    28 |    32 |   142 |   422 |   285 ||   921
Block: Buckler           |       |       |     5 |    69 |   159 |   122 ||   355
